 Dungeon Crawl Stone Soup version 0.30-a0-360-g447f08457e (webtiles) character file.

Game seed: 4169945836264237963

82 croobank the Slasher (level 4, -1/35 HPs)
             Began as a Barachi Reaver on Nov 13, 2022.
             Slain by a worm (8 damage)
             ... on level 2 of the Dungeon.
             The game lasted 00:04:00 (890 turns).

croobank the Slasher (Barachi Reaver)                Turns: 890, Time: 00:04:00

Health: -1/35      AC:  3    Str: 14    XL:     4   Next: 43%
Magic:  8/8        EV: 12    Int: 15    God:
Gold:   43         SH:  0    Dex: 10    Spells: 7/8 levels left

rFire   . . .      SeeInvis .    a - +0 falchion
rCold   . . .      Faith    .    (no shield)
rNeg    . . .      Spirit   .    b - +0 leather armour
rPois   .          Reflect  .    (no helmet)
rElec   .          Harm     .    (no cloak)
rCorr   .          Rampage  .    (no gloves)
Will    .....                    (no boots)
Stlth   +.........               (no amulet)
HPRegen 0.25/turn                (no ring)
MPRegen 0.11/turn                (no ring)

@: slow
A: amphibious, slowness 1, strong legs 1, +LOS
a: Hop


You were on level 2 of the Dungeon.
You visited 1 branch of the dungeon, and saw 2 of its levels.

You collected 43 gold pieces.

Inventory:

Hand Weapons
 a - a +0 falchion (weapon)
 e - a +0 sling
 f - a +0 dagger
 j - a +0 whip of pain
 m - a +0 quarterstaff
Missiles
 n - 2 poisoned darts
Armour
 b - a +0 leather armour (worn)
Scrolls
 d - a scroll of immolation {unknown}
 g - 3 scrolls of identify {unknown}
 i - a scroll of summoning {unknown}
 k - a scroll of magic mapping {unknown}
Potions
 c - a potion of berserk rage {unknown}
 h - 2 potions of might {unknown}
 l - a potion of resistance {unknown}
 o - 2 potions of curing {unknown}


   Skills:
 + Level 3.1 Fighting
 + Level 4.2 Long Blades
 + Level 2.9 Dodging
 + Level 2.8 Spellcasting
 + Level 3.8 Conjurations
 + Level 0.5 Necromancy


You had 7 spell levels left.
You knew the following spells:

 Your Spells              Type           Power      Damage    Failure   Level
a - Kiss of Death         Conj/Necr      32%        2d7       11%         1

Your spell library contained the following spells:

 Spells                   Type           Power      Damage    Failure   Level
 Momentum Strike          Conj/Tloc      14%        3d8       19%         2
 Hailstorm                Conj/Ice       7%         3d4       34%         3
 Summon Forest            Summ/Tloc      1%         N/A       100%        5
 Summon Mana Viper        Hex/Summ       2%         N/A       100%        5
 Summon Cactus Giant      Summ           1%         N/A       100%        6


Dungeon Overview and Level Annotations

Branches:
Dungeon (2/15)

Altars:


Innate Abilities, Weirdness & Mutations

You are amphibious.
You cover ground slowly.
You can hop short distances.
You have an extended range of vision and can be seen from far away.


Message History

The adder misses you.
You slash the adder!
The adder is severely wounded.
The adder misses you. x2; The adder closely misses you.
You hit the adder.
You kill the adder!
The adder closely misses you. The adder barely misses you.
You see here a bat corpse.
The adder bites you.
You slash the adder!
The adder is severely wounded.
The adder bites you.
You are poisoned.
The adder poisons you! The adder bites you but does no damage.
You slash the adder!
You kill the adder!
You feel sick.
You feel sick.
You feel sick. The worm closely misses you.
You hit the worm.
The worm is moderately wounded.
You feel sick. The worm bites you!
You are too injured to fight recklessly!
You are too injured to fight recklessly!
You are too injured to fight recklessly!
You are too injured to fight recklessly!
You are too injured to fight recklessly!
You hit the worm.
The worm is moderately wounded.
You feel sick.
You are no longer poisoned.
The worm bites you!
* * * LOW HITPOINT WARNING * * *
You hit the worm.
The worm is heavily wounded.
You hit the worm.
The worm is severely wounded.
The worm bites you!
You die...

#### #...).##.#
... #.###.)#.#
... #...##...#
####.. ###)######
..... #.# !...
#.# #.. #.# .#
#..#.#.†#######.#
..
.........w@.....#
..
...#.##.#.#######
.# #.#... .#
..##### .# ##.
###.######. #.
........... ..
##.#..#### #. #.#
# #.


You could see a worm.

Vanquished Creatures
  Terence (D:2)
  3 adders (D:2)
  3 bats
  3 endoplasms
  5 goblins
  3 hobgoblins
  4 jackals (D:1)
  A quokka (D:2)
  A ball python (D:1)
  2 frilled lizards (D:1)
  4 kobolds (D:1)
  3 rats
33 creatures vanquished.

Notes
Turn   | Place    | Note
-------+----------+-------------------------------------------
     0 | D:1      | croobank the Barachi Reaver began the quest for the Orb.
     0 | D:1      | Reached XP level 1. HP: 17/17 MP: 3/3
   189 | D:1      | Reached XP level 2. HP: 22/23 MP: 5/5
   546 | D:2      | Reached XP level 3. HP: 24/28 MP: 6/6
   558 | D:2      | Reached skill level 4 in Long Blades
   671 | D:2      | Noticed Terence
   678 | D:2      | Killed Terence
   679 | D:2      | Reached XP level 4. HP: 14/32 MP: 5/8
   890 | D:2      | Slain by a worm

Illustrated notes

Levels and vault maps discovered:
D:1:      dpeg_arrival_concentric_ovals, layout_rooms
D:2:      minmay_chambers_of_ones, layout_loops_ring, uniq_terence, uniq_jessica

Skill      XL: |  1  2  3 |
---------------+----------+-----
Long Blades    | 4 |  4.2
Fighting       | 3 |  3.1
Dodging        | |  2.9
Spellcasting   | |  2.8
Conjurations   | |  3.8
Necromancy     | |  0.5

Action                   |  1- 3 |  4- 6 || total
-------------------------+-------+-------++-------
Melee: Falchion          |    79 |    26 ||   105
       Punch             |     1 |       ||     1
 Fire: Sling             |     2 |       ||     2
 Cast: Kiss of Death     |     1 |       ||     1
Armor: Leather armour    |    27 |     6 ||    33
Dodge: Dodged            |    56 |    17 ||    73

Table legend: (Time is in decaauts)
 A = Elapsed time spent in this place.
 B = Non-inter-level travel time spent in this place.
 C = Inter-level travel time spent in this place.
 D = Time resting spent in this place.
 E = Time spent auto-exploring this place.
 F = Levels seen in this place.
 G = Mean time per level.
                   A        B        C        D        E       F      G
               +--------+--------+--------+--------+--------+-----+--------+
         Total |   1011 |    965 |     46 |     98 |    538 |   2 |  505.5 |
       Dungeon |   1011 |    965 |     46 |     98 |    538 |   2 |  505.5 |
               +--------+--------+--------+--------+--------+-----+--------+

Top non-repeatable levels by time:
     D:1: 618 daAuts
     D:2: 392 daAuts
